Unix NetHack Version 3.7.0-86 Work-in-progress - last build May 30 2023 01:50:43 (cc98dc9aa62a9957b082a042edf5bd7ec9f632c7,branch:master). Game began 2023-06-25 14:05:14, ended 2023-06-25 14:18:04. theworstmau, neutral male human Wizard ---- |.... ...).. -.... |..... ..).- ..).| ..G)| ) ..@.-- ... -.f.-- -.......- |.*....... --........ --...*<. |...... --... Theworstmau the Conjurer St:11 Dx:12 Co:14 In:18 Wi:10 Ch:10 Neutral Dlvl:4 $:62 HP:0(26) Pw:3(20) AC:7 Xp:3/77 T:1209 Latest messages: You kill the gnome! There is a gnome corpse here; eat it? [ynq] (n) This gnome corpse is stringy. You hear crashing rock. You hear some noises in the distance. You hear some noises. Garra drops a hooded cloak. You finish eating the gnome corpse. You see here a hooded cloak. You are hit by a dagger. H - a dagger. In what direction? The spell hits the dwarf! You kill the dwarf! The gnome picks up a hooded cloak. You don't have enough energy to cast that spell. In what direction? The spell hits the gnome! You kill the gnome! I - 4 daggers. There is a gnome corpse here; eat it? [ynq] (n) This gnome corpse tastes okay. A crossbow bolt misses you. You stop eating the gnome corpse. You are hit by a crossbow bolt. Garra eats a partly eaten gnome corpse. You hit the gnome. The gnome swings his crossbow. The gnome misses! You hit the gnome. You miss the gnome. The gnome swings his crossbow. The gnome hits! You swap places with Garra. The gnome picks up a hooded cloak. The gnome picks up a broad short sword. The gnome wields a broad short sword! What do you want to ready? I - 4 daggers (at the ready). In what direction? The dagger hits the gnome. In what direction? The dagger slips as you throw it! The gnome picks up a hooded cloak. You hit the gnome. You hit the gnome. The gnome thrusts his broad short sword. The gnome hits! You die... Do you want to see the dungeon overview? [ynq] (y) Inventory: Coins $ - 62 gold pieces Weapons F - 12 +0 arrows A - a +0 sling H - a blessed +0 dagger G - a +0 dagger C - a cursed +0 dagger I - 2 cursed -1 daggers (at the ready) B - a +0 orcish dagger named !c (weapon in hand) a - a blessed +1 quarterstaff Armor D - a cursed -1 pair of iron shoes b - an uncursed +0 cloak of magic resistance (being worn) s - an uncursed +0 leather armor named !c (being worn) Comestibles o - 2 uncursed apples w - an uncursed food ration u - an uncursed tripe ration q - 2 uncursed lichen corpses Scrolls i - an uncursed scroll of create monster j - an uncursed scroll of enchant weapon k - a blessed scroll of identify x - an uncursed scroll of teleportation Spellbooks l - a blessed spellbook of force bolt m - an uncursed spellbook of light Potions r - an uncursed potion of blindness g - an uncursed potion of confusion h - an uncursed potion of extra healing f - an uncursed potion of paralysis z - a cursed potion of speed Rings e - an uncursed ring of regeneration d - an uncursed ring of slow digestion (on right hand) Wands y - a wand of light named z1 (0:9) c - a wand of sleep (0:6) Tools n - a magic marker (0:76) P - an uncursed towel named !c Gems/Stones v - an uncursed worthless piece of blue glass E - an uncursed worthless piece of violet glass Theworstmau the Wizard's attributes: Background: You were a Conjurer, a level 3 male human Wizard. You were neutral, nominally on a mission for Thoth who was opposed by Ptah (lawful) and Anhur (chaotic). You were in the Gnomish Mines, on level 4. You entered the dungeon 1209 turns ago. You had 77 experience points, 3 more were needed to attain level 4. Basics: You had 0 out of 26 hit points. You had 3 out of 20 energy points (spell power). Your armor class was 7. Your wallet contained 62 zorkmids. Autopickup was on for '$"?!=/' plus thrown, with exceptions. Final Characteristics: Your strength was 11 (limit:18/100). Your dexterity was 12 (limit:18). Your constitution was 14 (limit:18). Your intelligence was 18 (limit:18). Your wisdom was 10 (limit:18). Your charisma was 10 (limit:18). Final Status: You were not hungry. You were unencumbered. You were wielding a dagger. You were unskilled in dagger. Final Attributes: You were devoutly aligned. You were magic-protected. You had slower digestion. You were warded. You are dead. Miscellaneous: You never encountered a bones level. Total elapsed playing time was 12 minutes and 48 seconds. Major events: Turn 1: theworstmau the neutral male human Wizard entered the dungeon 769: entered the Gnomish Mines 1139: attained the rank of Conjurer (level 3) 1209: killed by a gnome Vanquished creatures: 2 dwarves 2 hobbits 4 gnomes 4 geckos a jackal 2 foxes a goblin 4 grid bugs 6 lichens 3 newts 29 creatures vanquished. No species were genocided or became extinct. Voluntary challenges: You were an atheist. You were illiterate. You never engraved Elbereth. You never genocided any monsters. You never polymorphed an object. You never changed form. You used no wishes. Achievements: You entered a shop. You entered the Gnomish Mines. You attained the rank of Conjurer. The Dungeons of Doom: levels 1 to 4 Level 1: Level 2: A general store, a fountain. Level 3: A fountain, a sink, a grave. Stairs down to The Gnomish Mines. Level 4: The Gnomish Mines: Level 4: <- You were here. Final resting place for you, killed by a gnome. Game over: ---------- / \ / REST \ / IN \ / PEACE \ / \ | theworstmau | | 62 Au | | killed by a | | gnome | | | | | | 2023 | *| * * * | * _________)/\\_//(\/(/\)/\//\/|_)_______ Goodbye theworstmau the Wizard... You died in The Gnomish Mines on dungeon level 4 with 524 points, and 62 pieces of gold, after 1209 moves. You were level 3 with a maximum of 26 hit points when you died.